 Dungeon Crawl Stone Soup version 0.21.1-1-g345015f (webtiles) character file.

2028 nicolaieve the Cleaver (level 9, -9/74 HPs)
             Began as a Minotaur Berserker on June 12, 2018.
             Was an Elder of Trog.
             Mangled by a large abomination (25 damage)
             ... on level 1 of the Abyss.
             The game lasted 00:20:50 (3706 turns).

nicolaieve the Cleaver (Minotaur Berserker)         Turns: 3706, Time: 00:20:50

Health: -9/74      AC: 18    Str: 24    XL:     9   Next: 3%
Magic:  8/8        EV:  7    Int:  4    God:    Trog [****..]
Gold:   163        SH:  0    Dex: 11    Spells: 8/8 levels left

rFire    + . .     SeeInvis +   a - +0 hand axe
rCold    . . .     Gourm    .   (no shield)
rNeg     + . .     Faith    .   j - +0 plate armour
rPois    .         Spirit   .   (helmet restricted)
rElec    .         Reflect  .   o - +1 cloak
rCorr    .         Harm     .   w - +2 pair of gloves "Sooph" {rN+ Stlth+}
MR       .....                  (no boots)
Stlth    ..........             (no amulet)
HPRegen  0.22/turn              d - ring of protection from fire
MPRegen  0.11/turn              q - ring of see invisible

@: berserk cooldown, slowed, very slow
A: retaliatory headbutt, horns 2
a: Berserk, Trog's Hand, Brothers in Arms, Burn Spellbooks, Renounce Religion


You were on level 1 of the Abyss.
You worshipped Trog.
Trog was greatly pleased with you.
You were not hungry.

You visited 1 branch of the dungeon, and saw 6 of its levels.
You visited the Abyss 2 times.

You collected 313 gold pieces.
You spent 150 gold pieces at shops.

Inventory:

Hand Weapons
 a - a +0 hand axe (weapon)
Missiles
 k - 240 stones (quivered)
Armour
 j - a +0 plate armour (worn)
 o - a +1 cloak (worn)
 u - a cursed +0 ring mail
 w - the +2 pair of gloves "Sooph" (worn) {rN+ Stlth+}
   (You found it on level 5 of the Dungeon)

   It protects you from negative energy.
   It makes you more stealthy.
Jewellery
 d - a ring of protection from fire (left hand)
 q - a ring of see invisible (right hand)
Wands
 v - a wand of digging (12)
Scrolls
 e - a scroll of fear {unknown}
 f - 5 scrolls of remove curse
 g - a scroll of random uselessness {unknown}
 h - 3 scrolls of immolation
 l - a scroll of teleportation
 n - 3 scrolls of identify {unknown}
 s - a scroll of blinking {unknown}
Potions
 b - a potion of brilliance {unknown}
 i - 5 potions of curing {unknown}
 m - 2 potions of flight {unknown}
 p - 2 potions of magic {unknown}
 r - a potion of agility {unknown}
 t - a potion of lignification {unknown}
Comestibles
 c - 3 rations


   Skills:
 + Level 5.6 Fighting
 + Level 12.4 Axes
 + Level 6.1 Armour
 - Level 2.1 Dodging


You had 8 spell levels left.
You didn't know any spells.

Dungeon Overview and Level Annotations

Branches:
Dungeon (6/15)             Temple (0/1) D:5

Altars:
Cheibriados
Ru
Trog
Uskayaw
Vehumet
Yredelemnul
The Shining One

Shops:
D:5 *


Innate Abilities, Weirdness & Mutations

You reflexively headbutt those who attack you in melee.
You have a pair of horns on your head.


Message History

You feel a strong urge to attack something.
Unknown command.
You feel your anger nearly subside.
You are no longer berserk.
You are exhausted.
You feel yourself slow down.
Okay, then.
A starcursed mass splits.
The starcursed mass shrieks in your mind.
A large abomination comes into view.
The large abomination moves out of view.
The large abomination hits you!!
A starcursed mass splits.
The large abomination hits you!
* * * LOW HITPOINT WARNING * * *
The large abomination hits you but does no damage.
The large abomination hits you but does no damage.
A chorus of shrieks assaults your mind.
* * * LOW HITPOINT WARNING * * *
The large abomination hits you but does no damage.
The large abomination hits you!!
You die...

###### #. ###.... ...
.#...#.... ##
.........
.#####........
########.##.#@.......
#......#.#.#X........
. ....#.#..X#.....#..
.......#.X#.####......
. .........##..#
.#.###
...[.....X.....# .#...
. ..#..#.#...### # #.#
##..####.#.....# .#
.#. .....#....##


You could see 2 large abominations.

Vanquished Creatures
  The ghost of kae the Insei, an amateur DsTm (D:4)
  2 slime creatures (D:5)
  Sigmund (D:3)
  Purgy (D:4)
  2 ogres
  A centaur (D:5)
  3 big kobolds (D:5)
  2 scorpions (D:4)
  A howler monkey (D:4)
  A hound (D:4)
  3 jellies (D:5)
  2 orc priests (D:4)
  Natasha (thrice) (D:2)
  7 worker ants
  Robin (D:4)
  5 adders
  6 oozes
  4 worms (D:2)
  2 dart slugs (D:1)
  4 leopard geckos
  11 orcs
  A ball python (D:1)
  5 giant cockroaches
  24 goblins
  13 hobgoblins
  5 jackals
  15 kobolds
  A quokka (D:2)
  8 bats
  4 frilled lizards
  6 rats
145 creatures vanquished.

Vanquished Creatures (others)
  7 toadstools (D:5)
7 creatures vanquished.

Grand Total: 152 creatures vanquished

Notes
Turn   | Place    | Note
-------+----------+-------------------------------------------
     0 | D:1      | nicolaieve the Minotaur Berserker began the quest for the Orb.
     0 | D:1      | Reached XP level 1. HP: 19/19 MP: 0/0
    17 | D:1      | You fall through a shaft!
    29 | D:2      | Reached skill level 4 in Axes
   164 | D:1      | Reached XP level 2. HP: 17/26 MP: 1/1
   297 | D:1      | Reached skill level 5 in Axes
   352 | D:1      | Reached XP level 3. HP: 29/31 MP: 2/2
   453 | D:1      | Reached ** piety under Trog
   861 | D:2      | Noticed Natasha
   871 | D:2      | Killed Natasha
   871 | D:2      | Reached skill level 6 in Axes
   871 | D:2      | Reached XP level 4. HP: 35/39 MP: 3/3
  1048 | D:2      | Noticed Natasha
  1053 | D:2      | Killed Natasha
  1083 | D:2      | Found a glowing golden altar of the Shining One.
  1274 | D:2      | Noticed Natasha
  1278 | D:2      | Killed Natasha
  1278 | D:2      | Reached skill level 7 in Axes
  1278 | D:2      | Reached XP level 5. HP: 45/45 MP: 4/4
  1310 | D:2      | Cast into level 1 of the Abyss (orc)
  1355 | Abyss:1  | Noticed a ynoxinul
  1355 | Abyss:1  | Noticed a smoke demon
  1361 | D:2      | Escaped the Abyss
  1603 | D:3      | Noticed Sigmund
  1604 | D:3      | Found a bloodstained altar of Trog.
  1611 | D:3      | Killed Sigmund
  1611 | D:3      | Reached skill level 8 in Axes
  1611 | D:3      | Reached XP level 6. HP: 51/51 MP: 5/5
  1665 | D:3      | Found a radiant altar of Vehumet.
  1703 | D:3      | Found a basalt altar of Yredelemnul.
  1703 | D:3      | Found a hide-covered altar of Uskayaw.
  1944 | D:3      | Reached *** piety under Trog
  2055 | D:4      | Noticed kae's ghost (amateur DsTm)
  2066 | D:4      | Killed kae's ghost
  2066 | D:4      | Reached skill level 9 in Axes
  2066 | D:4      | Reached XP level 7. HP: 56/57 MP: 6/6
  2147 | D:4      | Reached skill level 10 in Axes
  2328 | D:4      | Noticed Purgy
  2337 | D:4      | Killed Purgy
  2347 | D:4      | Reached skill level 11 in Axes
  2347 | D:4      | Reached XP level 8. HP: 38/66 MP: 7/7
  2444 | D:4      | Found a sacrificial altar of Ru.
  2670 | D:4      | Noticed Robin
  2680 | D:4      | Reached **** piety under Trog
  2683 | D:4      | Killed Robin
  2847 | D:5      | Entered Level 5 of the Dungeon
  2885 | D:5      | Found Kixti's Assorted Antiques.
  2915 | D:5      | Bought a runed cloak for 150 gold pieces
  3108 | D:5      | Found a snail-covered altar of Cheibriados.
  3220 | D:5      | Found a staircase to the Ecumenical Temple.
  3331 | D:5      | Reached skill level 5 in Fighting
  3331 | D:5      | Reached skill level 5 in Armour
  3465 | D:5      | Got a pair of spiked gloves
  3471 | D:5      | Identified the +2 pair of gloves "Sooph" {rN+ Stlth+} (You found it on level 5 of the Dungeon)
  3568 | D:5      | Noticed a slime creature
  3568 | D:5      | Noticed a slime creature
  3581 | D:5      | Killed a slime creature
  3581 | D:5      | Reached skill level 12 in Axes
  3581 | D:5      | Killed a slime creature
  3581 | D:5      | Reached XP level 9. HP: 56/74 MP: 8/8
  3677 | D:6      | Cast into level 1 of the Abyss (orc)
  3700 | Abyss:1  | Noticed a starcursed mass
  3702 | Abyss:1  | Noticed a large abomination
  3706 | Abyss:1  | Mangled by a large abomination

Skill      XL: |  1  2  3  4  5  6  7  8 |
---------------+-------------------------+-----
Axes           | 4 5 6 7 8 9 11 12 | 12.4
Armour         | 3 6 |  6.1
Fighting       | 4 5 |  5.6
Dodging        | |  2.1

Action                   |  1- 3 |  4- 6 |  7- 9 || total
-------------------------+-------+-------+-------++-------
Melee: Hand axe          |    73 |    99 |   148 ||   320
       Headbutt          |     8 |    13 |    30 ||    51
Invok: Berserk           |     2 |     2 |     6 ||    10
  Use: Scroll            |       |     1 |     2 ||     3
  Eat: Ration            |       |     2 |     1 ||     3
       Chunk             |       |       |     9 ||     9
Armor: Animal skin       |     5 |       |       ||     5
       Plate armour      |    44 |    54 |    89 ||   187
Dodge: Dodged            |    39 |    35 |    59 ||   133
